 Dungeon Crawl Stone Soup version 0.31-a0-216-g22e908daa7 (webtiles) character file.

Game seed: 16299800111470035702

49 qw the Shooter (level 3, 0/29 HPs)
             Began as a Minotaur Hexslinger on July 2, 2023.
             Slain by a scorpion (1 damage)
             ... on level 2 of the Dungeon.
             The game lasted 00:00:30 (1496 turns).

qw the Shooter (Minotaur Hexslinger)                Turns: 1496, Time: 00:00:30

Health: 0/29       AC:  5    Str: 12    XL:     3   Next: 53%
Magic:  3/3        EV: 11    Int: 10    God:
Gold:   149        SH:  0    Dex: 14    Spells: 3/4 levels left

rFire   . . .        Y - +1 sling
rCold   . . .        (no shield)
rNeg    . . .        e - +0 ring mail
rPois   .            (helmet restricted)
rElec   .            (no cloak)
rCorr   .            (no gloves)
SInv    .            (no boots)
Will    .....        (no amulet)
Stlth   +            (no ring)
HPRegen 0.24/turn    (no ring)
MPRegen 0.08/turn

%: no passive effects
@: lethally poisoned (0 -> -4), about to teleport
A: horns 2, retaliatory headbutt
a: no special abilities


You were on level 2 of the Dungeon.
You visited 1 branch of the dungeon, and saw 3 of its levels.

You collected 149 gold pieces.


Innate Abilities, Weirdness & Mutations

You have a pair of horns on your head.
You reflexively headbutt those who attack you in melee.


   Skills:
 - Level 2.0 Fighting
 - Level 4.0 Ranged Weapons
 + Level 0.5 Armour
 - Level 2.1 Dodging
 - Level 1.0 Spellcasting
 - Level 2.0 Hexes


You had 3 spell levels left.
You knew the following spells:

 Your Spells              Type           Power      Damage    Failure   Level
a - Slow                  Hex            16%        N/A       34%         1

Your spell library contained the following spells:

 Spells                   Type           Power      Damage    Failure   Level
 Inner Flame              Hex/Fire       2%         N/A       83%         3
 Portal Projectile        Hex/Tloc       4%         N/A       83%         3
 Cause Fear               Hex            2%         N/A       98%         4

Inventory:

Hand Weapons
 Y - a +1 sling (weapon)
Armour
 e - a +0 ring mail (worn)
Jewellery
 f - a ring of ice
Scrolls
 a - a scroll of teleportation
Potions
 d - a potion of enlightenment
 i - a potion of cancellation {unknown}
 j - 4 potions of curing
 l - a potion of berserk rage {unknown}

Dungeon Overview and Level Annotations

Branches:
Dungeon (3/15)

Altars:


Message History

Enter note: You shoot a sling bullet.
The sling bullet closely misses the scorpion.
The adder misses you. The scorpion barely misses you. The adder bites you.
You are poisoned.
The adder poisons you!
You shoot a sling bullet. The sling bullet hits the scorpion.
The scorpion is lightly wounded.
You feel sick. The adder bites you. The scorpion stings you.
You are more poisoned.
The scorpion poisons you! The adder closely misses you.
The scorpion stings you but does no damage.
You shoot a sling bullet.
The sling bullet hits the scorpion but does no damage.
The scorpion is lightly wounded.
You feel very sick. The adder closely misses you.
The scorpion stings you but does no damage.
The adder completely misses you. The scorpion barely misses you.
You shoot a sling bullet.
The sling bullet hits the scorpion but does no damage.
You feel very sick. The adder closely misses you. You furiously retaliate!
You headbutt the adder.
The scorpion stings you but does no damage.
You shoot a sling bullet.
The sling bullet hits the adder but does no damage.
The adder is moderately wounded.
You feel very sick. The adder closely misses you.
The scorpion stings you but does no damage.
The adder barely misses you. The scorpion stings you.
1495 ||| READING 2 scrolls of teleportation.
As you read the scroll of teleportation, it crumbles to dust.
You feel strangely unstable.
You feel sick. The adder barely misses you.
The scorpion stings you but does no damage.
You shoot a sling bullet.
The sling bullet barely misses the adder.
You feel sick. The adder barely misses you. The scorpion stings you.
You die...

.###.....## #........###.
..........#### #........##..
#..##..#.....########...........#
.#...........................####
.................####........#
###.........[.:.....#........#
.............................#
###............Ss............#
#.............@............#
#.....>........#...###.....#
#........###.....)...##....#
############.##............#
##...........##...#....####
#..###..#....###..........#
###.###........# #..........#
#####.^......##!...# #..#.......#
..##...#.######....# #..........#


You could see a scorpion and an adder.

Vanquished Creatures
  An adder (D:2)
  A dart slug (D:1)
  2 endoplasms
  A giant cockroach (D:1)
  5 hobgoblins (D:1)
  5 jackals
  3 quokkas
  2 ball pythons
  A bat (D:1)
  5 frilled lizards
  4 goblins
  2 kobolds
  4 rats
36 creatures vanquished.

Notes
Turn   | Place    | Note
-------+----------+-------------------------------------------
     0 | D:1      | qw the Minotaur Hexslinger began the quest for the Orb.
     0 | D:1      | Reached XP level 1. HP: 16/16 MP: 1/1
     0 | D:1      | 0 ||| qw: Version: 0.3-a-40-ge99b1a8
     0 | D:1      | 0 ||| qw: Game counter: 7946
     0 | D:1      | 0 ||| qw: Melee chars always use a shield: true
     0 | D:1      | 0 ||| qw: God list: Okawaru
     0 | D:1      | 0 ||| qw: Allow faded altars: false
     0 | D:1      | 0 ||| qw: Do Orc after clearing Dungeon:15 true
     0 | D:1      | 0 ||| qw: Do second Lair branch before Depths: true
     0 | D:1      | 0 ||| qw: Lair rune preference: random
     0 | D:1      | 0 ||| qw: Goals: Normal
     0 | D:1      | 0 ||| PLANNING D:1-11
   130 | D:1      | Reached skill level 3 in Ranged Weapons
   264 | D:1      | Reached XP level 2. HP: 23/23 MP: 2/2
   998 | D:1      | 998 ||| UPGRADING to +0 ring mail.
  1008 | D:1      | 1008 ||| DROPPING +0 robe.
  1009 | D:1      | 1009 ||| READING scroll labelled HENTY BAHURIPE.
  1010 | D:1      | 1010 ||| READING scroll labelled ESUGIM ROA.
  1013 | D:1      | 1013 ||| DRINKING 2 ruby potions.
  1014 | D:1      | 1014 ||| DRINKING 4 purple potions.
  1015 | D:1      | 1015 ||| DROPPING scroll of poison.
  1074 | D:2      | Reached XP level 3. HP: 29/29 MP: 3/3
  1254 | D:2      | Reached skill level 4 in Ranged Weapons
  1438 | D:2      | 1438 ||| READING scroll labelled EMUKLI RAUFOPS.
  1439 | D:2      | 1439 ||| DRINKING 3 coppery potions.
  1473 | D:2      | 1473 ||| DROPPING 2 potions of lignification.
  1482 | D:3      | Noticed a scorpion
  1488 | D:3      | 1488 ||| STAIRDANCE
  1494 | D:2      | HP: 3/29 [scorpion (6)]
  1495 | D:2      | 1495 ||| READING 2 scrolls of teleportation.
  1495 | D:2      | HP: 1/29 [poisoned by a scorpion]
  1496 | D:2      | Slain by a scorpion

Levels and vault maps discovered:
D:1:      matt_arrival_spirals, layout_loops_cross, nicolae_eternal_life,
          chequers_serial_rivers_micro_a
D:2:      layout_rooms
D:3:      layout_basic, serial_shops, nicolae_shop_just_a_little_nook,
          serial_bayou_lagoon_a, uniq_grinder, uniq_sigmund

Skill      XL: |  1  2  3 |
---------------+----------+-----
Ranged Weapons | 3 4 |  4.0
Fighting       | 2 |  2.0
Armour         | |  0.5
Dodging        | |  2.1
Spellcasting   | |  1.0
Hexes          | |  2.0

Action                     || total
---------------------------++-------
   Fire: Sling             ||    98
    Use: Scroll            ||     4
         Potion            ||     3
 Armour: Robe              ||     2
         Ring mail         ||    11
  Dodge: Dodged            ||    43

Table legend:
 A = Non-vault XP
 B = Vault XP
 C = Vault XP percentage of total XP
 D = Non-vault monster count
 E = Vault monster count
 F = Vault count percentage of total count
                 A         B        C        D         E       F
            +---------+---------+-------+---------+---------+-------
      Total |      71 |       0 |   0.0 |      36 |       0 |   0.0
            +---------+---------+-------+---------+---------+-------
        D:1 |      38 |       0 |   0.0 |      22 |       0 |   0.0
        D:2 |      31 |       0 |   0.0 |      13 |       0 |   0.0
        D:3 |       2 |       0 |   0.0 |       1 |       0 |   0.0
            +---------+---------+-------+---------+---------+-------
